 Dungeon Crawl Stone Soup version 0.24.0-125-gc4c63601f3 (webtiles) character file.

Game seed: 11595519148234595442, levelgen mode: deterministic

242 Peloso the Shield-Bearer (level 5, -3/46 HPs)
             Began as a Minotaur Fighter on Mar 20, 2020.
             Slain by an ogre
             ... wielding a +0 giant spiked club
              (22 damage)
             ... on level 5 of the Dungeon.
             The game lasted 00:04:38 (1543 turns).

Peloso the Shield-Bearer (Minotaur Fighter)         Turns: 1543, Time: 00:04:39

Health: -3/46      AC:  8    Str: 20    XL:     5   Next: 81%
Magic:  3/3        EV:  6    Int:  5    God:
Gold:   103        SH: 15    Dex: 14    Spells: 4/4 levels left

rFire    . . .     SeeInvis .   a - +0 long sword
rCold    . . .     Gourm    .   c - +0 large shield
rNeg     . . .     Faith    .   b - +0 scale mail
rPois    .         Spirit   .   (helmet restricted)
rElec    +         Reflect  .   (no cloak)
rCorr    .         Harm     .   e - +0 pair of gloves {Dex+3}
MR       .....                  (no boots)
Stlth    ..........             (no amulet)
HPRegen  0.15/turn              (no ring)
MPRegen  0.08/turn              (no ring)

@: no status effects
A: retaliatory headbutt, horns 2, deterioration 1, low mp 1, electricity
resistance, evolution 1
a: no special abilities


You were on level 5 of the Dungeon.
You were not hungry.

You visited 1 branch of the dungeon, and saw 5 of its levels.

You collected 103 gold pieces.

Inventory:

Hand Weapons
 a - a +0 long sword (weapon)
Armour
 b - a +0 scale mail (worn)
 c - a +0 large shield (worn)
 e - a +0 pair of gloves of dexterity (worn)
Jewellery
 d - an uncursed ring of fire
Scrolls
 i - a scroll of blinking {unknown}
 j - 3 scrolls of identify {unknown}
 k - a scroll of noise {unknown}
 l - a scroll of fog {unknown}
 o - a scroll of immolation {unknown}
Potions
 h - 2 potions of curing
 m - 2 potions of brilliance
Comestibles
 f - 8 rations


   Skills:
 + Level 4.2 Fighting
 + Level 4.3 Long Blades
 + Level 4.8 Armour
 + Level 0.6 Dodging
 + Level 0.1 Stealth
 + Level 5.6 Shields


You had 4 spell levels left.
You didn't know any spells.
Your spell library was empty.

Dungeon Overview and Level Annotations

Branches:
Dungeon (5/15)
 Temple: D:4-7

Altars:

Annotations:
D:5 Duvessa, Prince Ribbit


Innate Abilities, Weirdness & Mutations

You reflexively headbutt those who attack you in melee.
You have a pair of horns on your head.
Your body sometimes deteriorates upon taking damage.
Your magical capacity is low. (-10% MP)
You are resistant to electric shocks. (rElec)
You evolve.


Message History

You kill the orc!
The orc barely misses you. The hound bites you but does no damage.
The orc shouts!
You slash Prince Ribbit! Your headbutt misses Prince Ribbit.
Prince Ribbit is moderately wounded.
The orc wizard hits you but does no damage.
Prince Ribbit hits you but does no damage.
The orc priest calls down the wrath of Beogh upon you.
Pain shoots through your body!
The ogre hits you with a +0 giant spiked club!
You block the hound's attack.
The orc wizard hits you with a +0 dagger.
Prince Ribbit blinks!
You block the orc's attack.
The orc priest calls upon Beogh to heal the orc wizard.
The orc wizard's wounds heal themselves!
The hound barely misses you.
You closely miss the hound. The orc wizard barely misses you.
The hound barely misses you. You furiously retaliate!
You headbutt the hound.
The ogre hits you with a +0 giant spiked club!!
You die...

######.........
###..............
#..............F.
##.......%....##.
##................
#.<.<........o..o.
#.......).....o..#
#..##....o†§...s..
#........##@)....#
#...##...###hO......
#......... #o.o#....
..........$..#.# #..
.......... ..#.. .
..... e###... . ...
.. ...#


You could see Prince Ribbit, Duvessa, an ogre, a hound, an orc priest, 2 orc
wizards, 3 orcs and a giant cockroach.

Vanquished Creatures
  The ghost of dogstar the Magician, an amateur GnWz (D:3)
  A worker ant (D:5)
  A hound skeleton (D:4)
  An adder (D:2)
  2 hound simulacra (D:3)
  A worker ant simulacrum (D:3)
  An ooze (D:1)
  A dart slug (D:1)
  2 leopard geckos (D:2)
  3 orcs (D:5)
  3 bats
  3 giant cockroaches
  3 goblins
  2 hobgoblins (D:1)
  4 jackals (D:2)
  A quokka (D:5)
  A ball python (D:1)
  4 frilled lizards
  7 kobolds
  4 rats
46 creatures vanquished.

Vanquished Creatures (others)
  A leopard gecko (D:5)
1 creature vanquished.

Grand Total: 47 creatures vanquished

Notes
Turn   | Place    | Note
-------+----------+-------------------------------------------
     0 | D:1      | Peloso the Minotaur Fighter began the quest for the Orb.
     0 | D:1      | Reached XP level 1. HP: 19/19 MP: 0/0
   116 | D:1      | Reached XP level 2. HP: 27/27 MP: 1/1
   158 | D:1      | Reached skill level 4 in Shields
   564 | D:2      | Reached XP level 3. HP: 33/33 MP: 2/2
  1328 | D:2      | Gained mutation: You are resistant to electric shocks.
                  | (rElec) [potion of mutation]
  1328 | D:2      | Gained mutation: Your magical capacity is low. (-10% MP)
                  | [potion of mutation]
  1328 | D:2      | Gained mutation: Your body sometimes deteriorates upon
                  | taking damage. [potion of mutation]
  1328 | D:2      | Gained mutation: You evolve. [potion of mutation]
  1355 | D:3      | Found a runed translucent gate.
  1356 | D:3      | Found a runed translucent gate.
  1356 | D:3      | Found a runed translucent gate.
  1372 | D:3      | Noticed dogstar's ghost (amateur GnWz)
  1376 | D:3      | Reached XP level 4. HP: 40/40 MP: 2/2
  1395 | D:3      | Killed dogstar's ghost
  1395 | D:3      | Reached skill level 5 in Shields
  1395 | D:3      | Reached XP level 5. HP: 30/46 MP: 3/3
  1527 | D:5      | Entered Level 5 of the Dungeon
  1535 | D:5      | Noticed Prince Ribbit
  1538 | D:5      | Noticed an ogre
  1541 | D:5      | Noticed Duvessa
  1543 | D:5      | Slain by an ogre

Levels and vault maps discovered:
D:1:      minmay_arrival_hallway, layout_basic, minmay_misc_feat_enclosed,
          grunt_decor_arrowhead, chequers_serial_rivers_small_a
D:2:      layout_loops_ring, first_ration, kennysheep_generic_room_14
D:3:      layout_loops_ring, gammafunk_ghost_icy, uniq_sigmund
D:4:      layout_basic, grunt_temple_overflow_open,
          nicolae_temple_entry_ecumenical, minmay_misc_feat_tower, uniq_pikel
D:5:      layout_cave_pools, elyvilon_altar_5, uniq_duvessa, uniq_prince_ribbit1

Skill      XL: |  1  2  3  4 |
---------------+-------------+-----
Fighting       | 4 |  4.2
Shields        | 4 5 |  5.6
Armour         | 4 |  4.8
Long Blades    | 3 4 |  4.3
Dodging        | |  0.6
Stealth        | |  0.1

Action                   |  1- 3 |  4- 6 || total
-------------------------+-------+-------++-------
Melee: Long sword        |    93 |    38 ||   131
       Headbutt          |     5 |     4 ||     9
  Use: Potion            |     6 |       ||     6
  Eat: Ration            |       |     1 ||     1
Armor: Scale mail        |    38 |    35 ||    73
Dodge: Dodged            |    17 |    20 ||    37
Block: Shield            |    18 |       ||    18
       Large shield      |    55 |    60 ||   115
       Rpst.: Long sword |     4 |     4 ||     8
